 Dungeon Crawl Stone Soup version 0.19.3-4-gbf9329e (webtiles) character file.

135 TryAgain the Digger (level 4, -2/36 HPs)
             Began as a Deep Dwarf Earth Elementalist on Jan 27, 2017.
             Was an Initiate of Vehumet.
             Succumbed to a scorpion's poison
             ... on level 5 of the Dungeon.
             The game lasted 00:11:59 (1956 turns).

TryAgain the Digger (Deep Dwarf Earth Elementalist) Turns: 1956, Time: 00:12:00

Health: -2/36      AC:  3    Str: 12      XL:     4   Next: 97%
Magic:  0/7        EV: 12    Int: 16      God:    Vehumet [......]
Gold:   72         SH:  0    Dex:  4 (13) Spells: 3 memorised, 2 levels left

rFire  . . .     SeeInvis .     h - +0 dagger
rCold  . . .     Gourm    .     c - +1 robe
rNeg   . . .     Faith    .     (no shield)
rPois  .         Spirit   .     (no helmet)
rElec  .         Reflect  .     (no cloak)
rCorr  .         Harm     .     (no gloves)
MR     .....                    (no boots)
Stlth  +.........               (no amulet)
                                (no ring)
                                (no ring)

@: lethally poisoned (-2 -> -13), non-regenerating
A: damage resistance, recharge devices, sense surroundings 1, slow regeneration
3
a: Device Recharging, Renounce Religion


You were on level 5 of the Dungeon.
You worshipped Vehumet.
Vehumet was noncommittal.
You were hungry.

You visited 2 branches of the dungeon, and saw 6 of its levels.

You collected 72 gold pieces.

Inventory:

Hand Weapons
 h - a +0 dagger (weapon)
 n - a +2 war axe of chopping
 s - a cursed -1 mace
 u - a +3 quarterstaff
Missiles
 b - 73 stones
 g - 5 silver tomahawks (quivered)
 l - 31 poisoned needles
Armour
 c - a +1 robe (worn)
Magical Staves
 j - an uncursed staff of cold {unknown}
Jewellery
 q - an uncursed ring of stealth {unknown}
Wands
 d - a wand of heal wounds (0/9)
Scrolls
 a - a scroll of noise {unknown}
 i - 3 scrolls of enchant armour
 k - a scroll of teleportation
 o - a scroll of identify
 p - a scroll of remove curse
Books
 e - a book of Geomancy

   Spells                             Type                      Level
   a - Sandblast                      Earth                        1
   b - Passwall                       Transmutation/Earth          2
   c - Stone Arrow                    Conjuration/Earth            3
   d - Petrify                        Transmutation/Earth          4
   e - Lee's Rapid Deconstruction     Earth                        5
 v - a book of Debilitation

   Spells                             Type                      Level
   a - Corona                         Hexes                        1
   b - Slow                           Hexes                        2
   c - Gell's Gravitas                Hexes/Translocation          3
   d - Inner Flame                    Hexes/Fire                   3
   e - Cause Fear                     Hexes                        4
   f - Leda's Liquefaction            Hexes/Earth                  4
Comestibles
 f - 3 bread rations
 m - 2 meat rations


   Skills:
 + Level 3.5 Dodging
 - Level 2.4 Stealth
 + Level 2.6 Spellcasting
 - Level 0.8 Transmutations
 + Level 5.0 Earth Magic
 + Level 2.6 Evocations


You had 2 spell levels left.
You knew the following spells:

 Your Spells              Type           Power        Failure   Level  Hunger
a - Sandblast             Erth           ###...       2%          1    #......
b - Passwall              Tmut/Erth      ##........   10%         2    ##.....
c - Stone Arrow           Conj/Erth      ##....       21%         3    ###....


Dungeon Overview and Level Annotations

Branches:
Dungeon (6/15)             Temple (1/1) D:6

Altars:
Ashenzari
Cheibriados
Dithmenos
Elyvilon
Fedhas
Gozag
Hepliaklqana
Makhleb
Nemelex Xobeh
Qazlal
Ru
Sif Muna
Trog
Uskayaw
Vehumet
Xom
Zin
The Shining One

Annotations:
D:2 Sigmund


Innate Abilities, Weirdness & Mutations

You are resistant to damage.
You can recharge devices by infusing magical energy.
You passively map a small area around you.
You do not regenerate.


Message History

You hit the scorpion but do no damage.
The scorpion is almost dead.
* * * LOW HITPOINT WARNING * * *
You feel sick. The scorpion stings you.
* * * LOW HITPOINT WARNING * * *
You are more poisoned.
The scorpion poisons you!
You closely miss the scorpion.
The scorpion is almost dead.
* * * LOW HITPOINT WARNING * * *
You feel very sick. The scorpion barely misses you.
You hit the scorpion but do no damage.
The scorpion is almost dead.
* * * LOW HITPOINT WARNING * * *
You feel sick. The scorpion closely misses you.
Unknown command.
You hit the scorpion but do no damage.
The scorpion is almost dead.
You die...

### #@#
#s# #.#
#.# #.#
##########
#.#
.........#
#.#
.........#
#.#
.........#
#.#


You could see a scorpion.

Vanquished Creatures
  A worker ant (D:5)
  A hound skeleton (D:5)
  A river rat (D:6)
  5 adders
  An ooze (D:5)
  2 leopard geckos
  An orc (D:3)
  A ball python (D:1)
  2 giant cockroaches
  6 goblins
  6 hobgoblins
  4 jackals (D:5)
  3 bats (D:1)
  3 kobolds
  5 rats
42 creatures vanquished.

Notes
Turn   | Place    | Note
-------+----------+-------------------------------------------
     0 | D:1      | TryAgain the Deep Dwarf Earth Elementalist began the quest for the Orb.
     0 | D:1      | Reached XP level 1. HP: 15/15 MP: 3/3
   121 | D:1      | Reached XP level 2. HP: 22/22 MP: 1/5
   220 | D:1      | Learned a level 2 spell: Passwall
   668 | D:2      | Reached XP level 3. HP: 20/28 MP: 0/6
   693 | D:2      | Reached skill level 1 in Evocations
   709 | D:2      | Noticed Sigmund
   980 | D:3      | Reached XP level 4. HP: 27/36 MP: 7/7
  1074 | D:3      | You fall through a shaft for 3 floors!
  1106 | D:6      | Learned a level 3 spell: Stone Arrow
  1115 | D:6      | Found a staircase to the Ecumenical Temple.
  1119 | Temple   | Entered the Ecumenical Temple
  1254 | Temple   | Became a worshipper of Vehumet
  1534 | D:6      | Noticed an orc warrior
  1647 | D:5      | Entered Level 5 of the Dungeon
  1891 | D:5      | Reached skill level 5 in Earth Magic
  1909 | D:5      | Noticed an ice beast
  1955 | D:5      | HP: 1/36 [poisoned by a scorpion]
  1956 | D:5      | Succumbed to a scorpion's poison

Skill      XL: |  1  2  3  4 |
---------------+-------------+-----
Spellcasting   | 2 |  2.6
Dodging        | 3 |  3.5
Evocations     | 1 2 |  2.6
Earth Magic    | 5 |  5.0
Stealth        | |  2.4
Transmutations | |  0.8

Action                   |  1- 3 |  4- 6 || total
-------------------------+-------+-------++-------
Melee: Dagger            |    54 |    65 ||   119
Throw: Tomahawk          |    13 |       ||    13
       Stone             |    13 |       ||    13
 Cast: Sandblast         |    40 |    43 ||    83
Evoke: Wand              |     1 |     4 ||     5
  Use: Scroll            |       |     7 ||     7
       Potion            |       |     3 ||     3
 Stab: Sleeping          |     2 |       ||     2
  Eat: Chunk             |     1 |     1 ||     2
       Pizza             |       |     1 ||     1
Armor: Robe              |    26 |    39 ||    65
Dodge: Dodged            |    68 |   117 ||   185
